AoeStats
← All Conquistadors Are BSTRD

Glade

510532926Analyzed
1v1 RM · 1d ago on Oct 1, 2026· 40m 53s· 2 players
Game mode
Random Map
Map size
Tiny (2 player)
Population
200
Speed
Normal
Resources
Standard
Victory
Conquest
Starting age
Dark Age
Ending age
Imperial Age
RankedLock teamsTeams togetherTeam positionsShared explorationLock speedFull tech treeHidden civsTurbo modeCheats
Victory
Defeat
🇹🇷 Koreans · Türkiye
1357
+15
1335
-15
All Conquistadors Are BSTRD
7:50 Loom
10:00 Feudal Age
16:46 Castle Age
15:47 Stone Mining
16:04 Man-at-Arms
23:26 Double-Bit Axe
26:55 Gold Mining
30:27 Wheelbarrow
34:49 Scale Barding Armor
34:55 Forging
37:24 Imperial Age
37:33 Husbandry
39:19 Chain Barding Armor
CorumluTony
3:45 Loom
9:59 Feudal Age
11:06 Double-Bit Axe
12:35 Fletching
20:21 Castle Age
18:43 Stone Mining
21:18 Bodkin Arrow
23:27 Horse Collar
26:51 Town Watch
30:09 Imperial Age
29:30 Gold Mining
29:42 Heavy Plow
29:54 Forging
31:52 Chemistry
34:37 Wheelbarrow
34:31 Conscription
35:03 Bow Saw
35:41 Scale Barding Armor
36:13 Iron Casting
37:21 Ballistics
36:41 Pikeman
37:43 Scale Mail Armor
39:08 Chain Mail Armor
41:20 Plate Mail Armor
41:23 Eupseong
41:32 Squires
Connection lost

Rejoining the realm…

Still unreachable

The connection could not be restored.

Session expired

The server has moved on; the page needs a fresh start.